 Dungeon Crawl Stone Soup version 0.30-b1-2-g02819fbbbe (webtiles) character file.

Game seed: 4851161653902781021

21599 magipi the Destroyer (level 12, -5/68 HPs)
             Began as a Gargoyle Earth Elementalist on June 5, 2023.
             Was a Priest of Vehumet.
             Slain by an orc knight
             ... wielding a +3 great mace
              (10 damage)
             ... on level 1 of the Orcish Mines.
             The game lasted 00:55:55 (15779 turns).

magipi the Destroyer (Gargoyle Earth Elementalist) Turns: 15779, Time: 00:55:56

Health: -5/68      AC: 18    Str: 12    XL:     12   Next: 91%
Magic:  22/22      EV: 18    Int: 21    God:    Vehumet [***...]
Gold:   889        SH:  0    Dex: 10    Spells: 8/25 levels left

rFire   . . .        a - +2 dagger (venom)
rCold   + . .        (no shield)
rNeg    + . .        P - +2 robe {rC+}
rPois   ∞            (no helmet)
rElec   +            t - +0 cloak
rCorr   .            s - +1 pair of gloves
SInv    +            r - +2 pair of boots {Fly}
Will    .....        (no amulet)
Stlth   +++          v - +5 ring of evasion
HPRegen 0.31/turn    i - ring of see invisible
MPRegen 0.18/turn

%: no passive effects
@: about to teleport, flying
A: sickness immunity, AC +8, negative energy resistance 1, electricity
resistance, torment resistance 1, petrification resistance
a: Renounce Religion


You were on level 1 of the Orcish Mines.
You worshipped Vehumet.
Vehumet was most pleased with you.
You visited 3 branches of the dungeon, and saw 15 of its levels.

You collected 1069 gold pieces.
You spent 180 gold pieces at shops.

Inventory:

Hand Weapons
 a - a +2 dagger of venom (weapon)
   (You took it off an orc wizard on level 10 of the Dungeon)
 b - a +4 spear of venom
   (You took it off a gnoll sergeant on level 8 of the Dungeon)
 C - a +0 broad axe of freezing
   (You took it off Maggie on level 6 of the Dungeon)
Missiles
 d - 10 boomerangs (quivered)
 B - a throwing net
Armour
 o - a +1 robe of fire resistance
   (You took it off a wight on level 9 of the Dungeon)
 q - +0 acid dragon scales
   (You found it on level 11 of the Dungeon)
 r - a +2 pair of boots of flying (worn)
   (You bought it in a shop on level 3 of the Dungeon)
 s - a +1 pair of gloves (worn)
   (You found it on level 3 of the Dungeon)
 t - a +0 cloak (worn)
   (You found it on level 3 of the Dungeon)
 N - a scarf of shadows
   (You found it on level 8 of the Dungeon)
 P - a +2 robe of cold resistance (worn)
   (You took it off a wight on level 8 of the Dungeon)
Magical Staves
 l - a staff of cold
   (You found it on level 2 of the Dungeon)
Jewellery
 i - a ring of see invisible (right hand)
   (You found it on level 9 of the Dungeon)
 n - a ring of positive energy
   (You found it on level 7 of the Dungeon)
 v - a +5 ring of evasion (left hand)
   (You took it off an orc on level 5 of the Dungeon)
 x - a ring of fire
   (You found it on level 9 of the Dungeon)
 K - a ring of ice
   (You found it on level 8 of the Dungeon)
Wands
 O - a wand of flame (25)
   (You found it on level 8 of the Dungeon)
Scrolls
 e - 8 scrolls of noise
 g - 7 scrolls of teleportation
 k - 2 scrolls of magic mapping
 w - 3 scrolls of enchant armour
 A - 3 scrolls of immolation
 E - a scroll of fear
 H - 3 scrolls of blinking
 Q - 2 scrolls of enchant weapon
Potions
 c - 2 potions of cancellation {unknown}
 f - a potion of lignification {unknown}
 h - 2 potions of might
 j - 3 potions of attraction
 m - a potion of brilliance {unknown}
 p - 3 potions of berserk rage
 u - 6 potions of mutation {unknown}
 z - a potion of invisibility
 D - 2 potions of resistance
 F - 3 potions of curing {unknown}
 G - a potion of flight {unknown}


   Skills:
 - Level 5.0 Fighting
 - Level 5.0 Short Blades
 - Level 5.0 Dodging
 - Level 5.0 Stealth
 - Level 7.0 Spellcasting
 - Level 10.5 Conjurations
 + Level 4.5 Necromancy
 - Level 4.0 Translocations
 - Level 6.0 Transmutations
 - Level 10.0 Earth Magic
 - Level 6.0 Evocations


You had 8 spell levels left.
You knew the following spells:

 Your Spells              Type           Power      Damage    Failure   Level
a - Apportation           Tloc           48%        N/A       1%          1
e - Sandblast             Erth           98%        2d20      1%          1
r - Searing Ray           Conj           100%       2d8       1%          2
s - Stone Arrow           Conj/Erth      100%       3d13      1%          3
u - Dispel Undead         Necr           26%        3d13      14%         4
w - Passwall              Tmut/Erth      34%        N/A       1%          2
P - Petrify               Tmut/Erth      41%        N/A       3%          4

Your spell library contained the following spells:

 Spells                   Type           Power      Damage    Failure   Level
 Dazzling Flash           Conj/Hex       58%        N/A       1%          3
 Foxfire                  Conj/Fire      100%       2x1d9     1%          1
 Kiss of Death            Conj/Necr      100%       2d13      1%          1
 Necrotise                Necr           100%       1d9       1%          1
 Hailstorm                Conj/Ice       29%        3d8       1%          3
 Mephitic Cloud           Conj/Pois/Air  22%        N/A       1%          3
 Poisonous Vapours        Pois/Air       14%        N/A       3%          2
 Gell's Gravitas          Tloc           24%        N/A       4%          3
 Teleport Other           Tloc           24%        N/A       4%          3
 Fireball                 Conj/Fire      14%        3d8       8%          5
 Summon Small Mammal      Summ           28%        N/A       9%          1
 Ensorcelled Hibernation  Hex/Ice        14%        N/A       13%         2
 Freezing Cloud           Conj/Ice/Air   11%        6-21      16%         5
 Orb of Destruction       Conj           25%        9d9       24%         7
 Call Canine Familiar     Summ           7%         N/A       26%         3
 Confusing Touch          Hex            7%         N/A       26%         3
 Summon Guardian Golem    Hex/Summ       7%         N/A       26%         3
 Swiftness                Air            7%         N/A       26%         3
 Ice Form                 Ice/Tmut       20%        N/A       26%         4
 Anguish                  Hex/Necr       8%         N/A       34%         4
 Starburst                Conj/Fire      14%        6d6       36%         6
 Alistair's Intoxication  Tmut/Pois      13%        N/A       56%         5
 Cause Fear               Hex            3%         N/A       65%         4
 Spellforged Servitor     Conj/Summ      14%        N/A       88%         7
 Dispersal                Tloc           12%        N/A       95%         6
 Plasma Beam              Fire/Air       3%         2x1d15    95%         6
 Simulacrum               Ice/Necr       8%         N/A       99%         6
 Enfeeble                 Hex            3%         N/A       100%        7


Dungeon Overview and Level Annotations

Branches:
Dungeon (12/15)            Temple (1/1) D:6             Orc (2/2) D:11
    Elf (0/3) Orc:2
   Lair: D:8-11

Altars:
Cheibriados
Elyvilon
Gozag
Hepliaklqana
Kikubaaqudgha
Nemelex Xobeh
Okawaru
Qazlal
Ru
Sif Muna
Trog
Uskayaw
Vehumet

Shops:
D:3 [   D:8 (   Orc:2 (

Annotations:
D:9 exclusion: door
D:12 2 runed translucent doors, p0werm0de's ghost, journeyman MiFi


Innate Abilities, Weirdness & Mutations

You are immune to sickness and miasma.
Your stone body is resilient. (AC +8)
You are immune to poison.
You resist negative energy. (rN+)
You are resistant to electric shocks. (rElec)
You are resistant to unholy torment.
You are immune to petrification.


Message History

You start resting.
Magic restored.
Things that are here:
a +0 flail; a +0 chain mail; an orc corpse
There is a stone staircase leading down here.
You fly downwards.
The troll completely misses you. The troll closely misses you.
The troll barely misses you.
A warg comes into view.
There is a stone staircase leading up here.
Unknown command.
Unknown command.
The orc knight hits you with a +3 great mace!
The troll bites you! The troll barely misses you. The troll claws you.
You fly upwards.
There is a stone staircase leading down here.
Unknown command.
Unknown command.
The orc knight attacks as you move away!
The orc knight barely misses you.
Things that are here:
a +0 chain mail; a +0 flail; an orc corpse The orc knight attacks as you move away!
The orc knight hits you with a +3 great mace!
The orc knight attacks as you move away!
The orc knight barely misses you. The troll attacks as you move away!
The troll barely misses you. The troll claws you but does no damage.
The troll claws you!
As you read the scroll of teleportation, it crumbles to dust.
You feel strangely unstable.
The orc knight hits you with a +3 great mace!
* * * LOW HITPOINT WARNING * * *
The troll barely misses you. The troll completely misses you.
The troll closely misses you. The troll attacks as you move away!
The troll bites you.
* * * LOW HITPOINT WARNING * * *
The troll barely misses you. x2
Unknown command.
The orc knight attacks as you move away!
The orc knight hits you with a +3 great mace!
You die...

................##....## ###...
#..............##......# ##.....
...........[...###....## #......
..........[>[.........# ##.....
..#.......[[[........## ###)#...
..#...................# ##<......
..................#..####....[...
..#..........#..T.....##.#.#.#...
.#....#....####o@##...#...#......
......##....#.....#...##..##.#...
##....###..................##....
#......##.....###.........####...
##............# ###.###.### ##..
#...#.##..#.## ### ### ##.
##.########## ## ### # #


You could see an orc knight and a troll.

Vanquished Creatures
  A centaur warrior (D:10)
  A hydra (D:10)
  3 two-headed ogres
  2 boulder beetles
  An orc high priest (Orc:2)
  A wizard (D:9)
  Pikel (D:6)
  2 orc knights
  An ugly thing (D:11)
  A gargoyle (D:11)
  A komodo dragon (D:10)
  2 unseen horrors
  A kobold demonologist (D:9)
  Maggie (D:6)
  8 trolls
  A hornet (D:9)
  A shadow (D:11)
  2 wyverns (D:9)
  32 yaks
  2 steam dragons
  Grum (D:8)
  3 acid dragons
  Duvessa (D:6)
  A water moccasin (D:7)
  15 orc warriors
  A black bear (D:6)
  A sky beast (D:6)
  4 wolves
  3 ogres
  2 centaurs
  A phantom (D:5)
  A lemure (D:6)
  2 kobold brigands
  2 bullfrogs
  3 gnoll sergeants
  2 scorpions
  Dowan (D:6)
  16 wights
  3 electric eels (D:11)
  10 howler monkeys
  4 orc priests
  6 hounds
  A sleepcap (D:7)
  Ijyb (D:5)
  An iguana (D:4)
  11 orc wizards
  18 gnolls
  11 adders
  A shadow imp (D:6)
  2 ufetubi
  A worm (D:4)
  4 dart slugs
  29 orcs
  6 endoplasms
  5 giant cockroaches
  3 goblins
  8 hobgoblins
  4 jackals (D:2)
  4 quokkas
  4 ball pythons
  6 bats
  A frilled lizard (D:1)
  15 kobolds
  6 rats
290 creatures vanquished.

Vanquished Creatures (others)
  An orc (D:7)
  A kobold (D:6)
  6 fungi (Orc:2)
  14 plants
22 creatures vanquished.

Grand Total: 312 creatures vanquished

Notes
Turn   | Place    | Note
-------+----------+-------------------------------------------
     0 | D:1      | magipi the Gargoyle Earth Elementalist began the quest for
                  | the Orb.
     0 | D:1      | Reached XP level 1. HP: 10/10 MP: 3/3
   131 | D:1      | Reached skill level 1 in Transmutations
   228 | D:1      | Reached XP level 2. HP: 15/15 MP: 1/5
   258 | D:1      | Learned a level 2 spell: Passwall
   660 | D:1      | Reached XP level 3. HP: 19/19 MP: 4/6
   663 | D:1      | Learned a level 1 spell: Apportation
  1382 | D:2      | Reached XP level 4. HP: 21/24 MP: 3/7
  1549 | D:2      | Learned a level 3 spell: Stone Arrow
  1848 | D:2      | Found a faded altar of an unknown god.
  1854 | D:2      | Reached skill level 5 in Earth Magic
  1855 | D:2      | Reached skill level 1 in Conjurations
  1855 | D:2      | Reached skill level 1 in Translocations
  1920 | D:2      | Reached XP level 5. HP: 28/28 MP: 6/9
  2177 | D:3      | Found Vidodd's Antique Armour Boutique.
  2528 | D:3      | Bought a pair of embroidered boots for 180 gold pieces
  2650 | D:3      | Found a white marble altar of Elyvilon.
  2685 | D:3      | Found a stormy altar of Qazlal.
  2997 | D:4      | Found an ancient bone altar of Kikubaaqudgha.
  3110 | D:4      | Found a hide-covered altar of Uskayaw.
  3193 | D:4      | Found a sacrificial altar of Ru.
  3348 | D:4      | Found a bloodstained altar of Trog.
  3350 | D:4      | Found a sparkling altar of Nemelex Xobeh.
  3410 | D:5      | Entered Level 5 of the Dungeon
  3427 | D:4      | Reached XP level 6. HP: 30/32 MP: 1/10
  3544 | D:5      | Identified the +2 robe of Snakes and Ladders {rF- rC+
                  | Slay+5}
  3682 | D:5      | Noticed Ijyb
  3702 | D:5      | Killed Ijyb
  3962 | D:5      | Reached XP level 7. HP: 36/36 MP: 6/12
  4390 | D:6      | Noticed Maggie
  4405 | D:6      | Killed Maggie
  4406 | D:6      | Reached skill level 5 in Conjurations
  4527 | D:6      | Reached XP level 8. HP: 41/41 MP: 9/14
  4776 | D:6      | Noticed Pikel
  4793 | D:6      | Killed Pikel
  4956 | D:6      | Reached skill level 5 in Spellcasting
  5261 | D:6      | Found a staircase to the Ecumenical Temple.
  5270 | Temple   | Entered the Ecumenical Temple
  5341 | Temple   | Became a worshipper of Vehumet
  5403 | D:6      | Noticed Duvessa
  5411 | D:6      | Noticed Dowan
  5418 | D:6      | Killed Duvessa
  5419 | D:6      | Reached XP level 9. HP: 45/45 MP: 10/17
  5424 | D:6      | Killed Dowan
  6290 | D:7      | Reached skill level 10 in Earth Magic
  6330 | D:7      | Learned a level 4 spell: Petrify
  6437 | D:7      | Reached skill level 1 in Evocations
  6537 | D:8      | Noticed a two-headed ogre
  6553 | D:8      | Killed a two-headed ogre
  6623 | D:8      | Found Ymniqics's Antique Weapon Boutique.
  6695 | D:8      | Reached XP level 10. HP: 50/50 MP: 16/19
  6768 | D:8      | Reached * piety under Vehumet
  6768 | D:8      | Offered knowledge of Magic Dart by Vehumet.
  7340 | D:8      | Noticed Grum
  7505 | D:8      | Killed Grum
  7934 | D:9      | Reached skill level 5 in Transmutations
  7934 | D:9      | Reached skill level 5 in Evocations
  8287 | D:9      | Reached skill level 1 in Fighting
  8477 | D:9      | Reached skill level 1 in Short Blades
  9025 | D:9      | Noticed a wizard
  9035 | D:9      | Killed a wizard
  9036 | D:9      | Reached XP level 11. HP: 57/57 MP: 15/20
  9045 | D:9      | Noticed a large abomination
  9162 | D:9      | Reached ** piety under Vehumet
  9162 | D:9      | Offered knowledge of Searing Ray by Vehumet.
  9290 | D:9      | Found an iron altar of Okawaru.
  9479 | D:10     | Entered Level 10 of the Dungeon
  9862 | D:10     | Reached skill level 5 in Stealth
  9959 | D:10     | Found the +1 robe of Vines {NoPotionHeal Regen++++}
  9963 | D:10     | Noticed a five-headed hydra
  9973 | D:10     | HP: 3/61 [five-headed hydra (7)]
 10182 | D:10     | Noticed a centaur warrior
 10205 | D:10     | Killed a centaur warrior
 10227 | D:10     | Killed a five-headed hydra
 10401 | D:10     | Reached skill level 5 in Fighting
 10503 | D:10     | Learned a level 2 spell: Searing Ray
 10530 | D:10     | Noticed an orc knight
 10743 | D:10     | Found a shimmering blue altar of Sif Muna.
 10769 | D:10     | Found a shimmering blue altar of Sif Muna.
 11452 | D:10     | Found a shimmering blue altar of Sif Muna.
 11738 | D:10     | Killed an orc knight
 11846 | D:11     | Noticed a two-headed ogre
 11852 | D:11     | Killed a two-headed ogre
 11853 | D:11     | Reached skill level 5 in Short Blades
 11853 | D:11     | Reached skill level 5 in Dodging
 12019 | D:11     | Reached XP level 12. HP: 68/68 MP: 19/21
 12239 | D:11     | Noticed a boulder beetle
 12763 | D:12     | Offered knowledge of Volatile Blastmotes by Vehumet.
 12811 | D:12     | Noticed a boulder beetle
 12833 | D:12     | Killed a boulder beetle
 13106 | D:12     | Found a runed translucent door.
 13107 | D:12     | Noticed a four-headed hydra
 13108 | D:12     | Noticed a yaktaur captain
 13108 | D:12     | Noticed a lich
 13110 | D:12     | Noticed a storm dragon
 13112 | D:12     | Noticed p0werm0de's ghost (journeyman MiFi)
 13114 | D:12     | Found a runed translucent door.
 13404 | D:12     | Reached skill level 10 in Conjurations
 13725 | D:12     | Identified the orb of the Towns {guile, rPois rN+}
 13866 | D:11     | Noticed a two-headed ogre
 13887 | D:11     | Killed a two-headed ogre
 14059 | D:11     | Killed a boulder beetle
 14171 | D:11     | Reached *** piety under Vehumet
 14192 | D:11     | Learned a level 4 spell: Dispel Undead
 14230 | D:11     | Found a staircase to the Orcish Mines.
 14272 | Orc:1    | Entered Level 1 of the Orcish Mines
 14371 | Orc:1    | Reached skill level 1 in Necromancy
 14436 | Orc:1    | Offered knowledge of Dazzling Flash by Vehumet.
 14932 | Orc:2    | Entered Level 2 of the Orcish Mines
 14932 | Orc:2    | Noticed an orc high priest
 14932 | Orc:2    | Found a staircase to the Elven Halls.
 14933 | Orc:2    | Noticed an orc warlord
 14967 | Orc:2    | Found Qosithre's Antique Weapon Boutique.
 14973 | Orc:2    | Noticed an orc high priest
 15699 | Orc:2    | Killed an orc high priest
 15779 | Orc:1    | Slain by an orc knight

Illustrated notes

Levels and vault maps discovered:
D:1:      psy_arrival_spokes, layout_basic, minivault_11, nicolae_eternal_life
D:2:      layout_loops_corners, shapermc_ecumenical_altar_starsandcircs
D:3:      layout_rooms, mainiacjoe_overflow_two_lobes, serial_forest,
          infiniplex_forest_lined_2, infiniplex_forest_lined_3_way,
          infiniplex_forest_lined_4_way, infiniplex_forest_lined_room_2,
          infiniplex_forest_lined_room_3, infiniplex_forest_clump_tiny,
          infiniplex_forest_clump_cross, serial_shops,
          nicolae_shop_pleasant_corner_grove, st_stairs_5,
          guppyfry_early_lair_pool
D:4:      layout_rooms, minitemple, kiku_gazebo_pond_becter,
          amcnicky_altar_gilded, old_standard_altar
D:5:      layout_basic, grunt_ministairs_7, uniq_ijyb
D:6:      layout_loops_corners, lemuel_temple_firewalk_b, uniq_maggie,
          uniq_duvessa, uniq_pikel
D:7:      layout_gridville
D:8:      layout_layer_cave, serial_shops,
          nicolae_shop_temple_entry_statues_fountains, uniq_grum
D:9:      layout_stronghold, hellmonk_okawaru_the_only_friend_you_need,
          roderic_lattice_a, st_stairs_2, laboratory
D:10:     layout_basic, nicolae_sif_muna_condensation,
          hellmonk_guarded_unrand_vines
D:11:     layout_loops_corners, erik_lair_island, orc_0_dummy, serial_rivers,
          chequers_serial_rivers_large_b, chequers_serial_rivers_small_3,
          chequers_serial_rivers_large_a, chequers_serial_rivers_micro_b,
          uniq_harold
D:12:     layout_cave_pods, muffindrake_ghost_dual_entry
Temple:   nicolae_temple_figure_eight
Orc:1:    nicolae_orc_accident_1, layout_caves, nicolae_orc_bridge_out
Orc:2:    grunt_orc_gardens, layout_diamond_mine, grunt_orc_garden,
          grunt_orc_garden, grunt_orc_garden, grunt_orc_garden

Skill      XL: |  1  2  3  4  5  6  7  8  9 10 11 12 |
---------------+-------------------------------------+-----
Transmutations | 1 2 3 6 |  6.0
Earth Magic    | 4 5 6 7 10 | 10.0
Conjurations   | 1 2 3 5 6 7 10 | 10.5
Translocations | 1 2 3 4 |  4.0
Spellcasting   | 3 4 5 6 7 |  7.0
Evocations     | 3 6 |  6.0
Fighting       | 2 5 |  5.0
Short Blades   | 1 5 |  5.0
Dodging        | 2 5 |  5.0
Stealth        | 3 5 |  5.0
Necromancy     | 4 |  4.5

Action                     |  1- 3 |  4- 6 |  7- 9 | 10-12 || total
---------------------------+-------+-------+-------+-------++-------
  Melee: Dagger            |    18 |     9 |    13 |    71 ||   111
         Punch             |     1 |       |       |     4 ||     5
         Rapier            |       |       |       |     1 ||     1
  Throw: Boomerang         |       |       |       |     5 ||     5
   Cast: Sandblast         |    43 |    81 |   111 |   319 ||   554
         Passwall          |       |     1 |     1 |     1 ||     3
         Stone Arrow       |       |       |     3 |    63 ||    66
         Petrify           |       |       |       |    22 ||    22
  Evoke: Wand              |       |       |     4 |    17 ||    21
    Use: Scroll            |       |     9 |     2 |    11 ||    22
         Potion            |       |       |       |     3 ||     3
   Stab: Sleeping          |     7 |     1 |     1 |     2 ||    11
         Paralysed         |       |       |    12 |    28 ||    40
         Petrified         |       |       |       |    17 ||    17
 Armour: Robe              |     8 |     3 |       |   124 ||   135
         Leather armour    |       |    19 |    28 |     6 ||    53
         Steam dragon scal |       |       |     3 |       ||     3
  Dodge: Dodged            |    19 |    35 |    49 |   294 ||   397

Action                     |  1- 3 |  4- 6 |  7- 9 | 10-12 || total
---------------------------+-------+-------+-------+-------++-------
  Melee: Dagger            |    18 |     9 |    13 |    71 ||   111
         Punch             |     1 |       |       |     4 ||     5
         Rapier            |       |       |       |     1 ||     1
  Throw: Boomerang         |       |       |       |     5 ||     5
   Cast: Sandblast         |    43 |    81 |   111 |   319 ||   554
         Passwall          |       |     1 |     1 |     1 ||     3
         Stone Arrow       |       |       |     3 |    63 ||    66
         Petrify           |       |       |       |    22 ||    22
  Evoke: Wand              |       |       |     4 |    17 ||    21
    Use: Scroll            |       |     9 |     2 |    11 ||    22
         Potion            |       |       |       |     3 ||     3
   Stab: Sleeping          |     7 |     1 |     1 |     2 ||    11
         Paralysed         |       |       |    12 |    28 ||    40
         Petrified         |       |       |       |    17 ||    17
 Armour: Robe              |     8 |     3 |       |   124 ||   135
         Leather armour    |       |    19 |    28 |     6 ||    53
         Steam dragon scal |       |       |     3 |       ||     3
  Dodge: Dodged            |    19 |    35 |    49 |   294 ||   397
